 Dungeon Crawl Stone Soup version 0.17-a0-1946-gfb768fe (webtiles) character file.

127536 Guts the Fencer (level 17, -10/148 HPs)
             Began as a Human Berserker on Sept 27, 2015.
             Was the Champion of Trog.
             Shot with an arrow of dispersal by Vashnia (11 damage)
             ... on level 2 of the Snake Pit on Oct 1, 2015.
             The game lasted 02:21:52 (26955 turns).

Guts the Fencer (Human Berserker)                  Turns: 26955, Time: 02:21:52

Health: -10/148    AC: 17    Str: 27    XL:     17   Next: 56%
Magic:  21/21      EV: 33    Int: 11    God:    Trog [******]
Gold:   1706       SH:  0    Dex: 33    Spells: 0 memorised, 16 levels left

rFire  . . .     SeeInvis +     a - +6 great sword (holy)
rCold  + + +     Clarity  +     K - +2 leather armour of Resilience {rC+ Str+4 Dex+11 Stlth-}
rNeg   . . .     SustAt   .     (no shield)
rPois  +         Gourm    .     U - +0 helmet {rC+}
rElec  .         Spirit   .     Y - +2 cloak {rC+}
rCorr  .         Warding  .     z - +1 pair of gloves {Dex+3}
rMut   .         Stasis   .     s - +0 pair of boots
MR     +++..                    x - amulet of Xom's Passing Interest {Clar Int+2}
Stlth  ..........               G - ring of Attitude {rPois EV+3 Int+2 Dex+4 Stlth-}
                                Q - ring of see invisible

@: lethally poisoned (-10 -> -10), regenerating, extremely resistant to hostile
enchantments, extremely unstealthy
A: thin metallic scales 1, blink, robust 1
a: Blink, Burn Spellbooks, Berserk, Trog's Hand, Brothers in Arms, Renounce
Religion


You were on level 2 of the Snake Pit.
You worshipped Trog.
Trog was exalted by your worship.
You were not hungry.

You visited 4 branches of the dungeon, and saw 29 of its levels.
You also visited: Ice Cave.

You collected 3468 gold pieces.
You spent 1762 gold pieces at shops.

Inventory:

Hand weapons
 a - a +6 great sword of holy wrath (weapon)
 b - a +1 blowgun
 E - a +2 antimagic triple sword
 F - a +2 triple sword of freezing
Missiles
 i - 5 poisoned javelins
 k - 8 curare-tipped needles
 p - 5 throwing nets
 t - 12 silver javelins
 v - 4 javelins of penetration (quivered)
 y - 57 tomahawks
Armour
 s - a +0 pair of boots (worn)
 z - a +1 pair of gloves of dexterity (worn)
 K - the +2 leather armour of Resilience (worn) {rC+ Str+4 Dex+11 Stlth-}
   (You found it on level 6 of the Dungeon)

   It affects your strength (+4).
   It affects your dexterity (+11).
   It protects you from cold.
   It makes you less stealthy.
 U - a +0 helmet of cold resistance (worn)
 Y - a +2 cloak of cold resistance (worn)
Jewellery
 x - the amulet of Xom's Passing Interest (around neck) {Clar Int+2}
   (You found it on level 14 of the Dungeon)

   [amulet of clarity]

   It provides mental clarity.
   It affects your intelligence (+2).
 G - the ring of Attitude (right hand) {rPois EV+3 Int+2 Dex+4 Stlth-}
   (You found it on level 11 of the Dungeon)

   [ring of evasion]

   It affects your evasion (+3).
   It affects your intelligence (+2).
   It affects your dexterity (+4).
   It protects you from poison.
   It makes you less stealthy.
 H - an uncursed ring of protection from fire
 Q - a ring of see invisible (left hand)
Magical devices
 e - a wand of fire (0)
 j - a wand of teleportation (4)
 m - a wand of teleportation (1)
 O - a wand of draining (4)
 T - a wand of disintegration (16)
 V - a wand of cold (3)
 X - a wand of digging (19)
Scrolls
 d - 2 scrolls of blinking
 l - 5 scrolls of enchant armour
 n - 4 scrolls of vulnerability {unknown}
 r - 2 scrolls of recharging
 u - 7 scrolls of remove curse
 A - 6 scrolls of enchant weapon
 J - 5 scrolls of fog {unknown}
 L - 6 scrolls of teleportation {unknown}
 S - 4 scrolls of immolation
 W - 3 scrolls of magic mapping
 Z - 4 scrolls of identify
Potions
 g - 4 potions of flight
 o - a potion of cancellation
 q - 3 potions of agility
 B - 10 potions of curing
 C - 2 potions of haste
 D - 3 potions of resistance
 I - 7 potions of heal wounds
 M - a potion of might
 N - 2 potions of invisibility
Comestibles
 c - 5 bread rations
 h - 7 meat rations
 w - 16 royal jellies


   Skills:
 + Level 12.4 Fighting
 - Level 18.2 Long Blades
 - Level 10.2 Throwing
 - Level 10.0 Armour
 + Level 13.4 Dodging
 + Level 5.9 Evocations


You had 16 spell levels left.
You didn't know any spells.

Dungeon Overview and Level Annotations

Branches:
Dungeon (15/15)            Temple (0/1) D:5            Lair (8/8) D:10
  Swamp (0/4) Lair:4        Snake (2/4) Lair:5        Slime (0/6) Lair:8
    Orc (4/4) D:9             Elf (0/3) Orc:4        Vaults (0/5) D:14
 Depths (0/5) D:15

Altars:
Ashenzari
Cheibriados
Fedhas
Gozag
Nemelex Xobeh
Okawaru
Qazlal
Ru
Xom
Zin
The Shining One
Beogh
Lugonu

Shops:
D:6 :   D:15 !   Orc:1 *   Orc:4 *![[}   Snake:1 }

Portals:
Pandemonium: Orc:4

Annotations:
Snake:2 Vashnia


Innate Abilities, Weirdness & Mutations

You are partially covered in thin metallic scales (AC +2).
You can translocate small distances at will.
You are robust (+10% HP).


Message History

Vashnia momentarily phases out as your troll's attack passes through her.
You feel sick.
Vashnia momentarily phases out as your troll's attack passes through her.
Your troll misses Vashnia.
Your troll closely misses Vashnia.
Vashnia mumbles some strange words.
Vashnia magically shoots an arrow of dispersal.
The arrow of dispersal hits you!
You blink.
Your troll bites Vashnia!
Your troll closely misses Vashnia.
Your troll claws Vashnia but does no damage.
You see here a javelin of penetration.
Vashnia shoots an arrow of dispersal.
The arrow of dispersal hits you!!
* * * LOW HITPOINT WARNING * * *
x2 You blink.
Your troll bites Vashnia!!
Vashnia's shroud falls apart!
Your troll misses Vashnia.
Your troll claws Vashnia.
Your troll completely misses Vashnia.
Your troll claws Vashnia.
Your troll claws Vashnia!
Vashnia shoots an arrow of dispersal.
The arrow of dispersal closely misses your troll.
The arrow of dispersal hits you!!!
* * * LOW HITPOINT WARNING * * *
You die...

...........#.
...........#.
...........#.
...........+.####
.(.....()..+).(.#
......#....###('##
#.......#'###((..##
........#..)#.....#
#.(.....+...#.NT@.+
##......+...'.....+
##.....#####.(.>.#
#++#### #######


You could see Vashnia and a friendly troll (berserk).

Vanquished Creatures
  Gastronok (D:8)
  Frances (D:14)
  Donald (D:14)
  Nessos (Lair:6)
  Azrael (Orc:4)
  A fire dragon (D:15)
  4 naga warriors
  Harold (Orc:2)
  An ice dragon (D:15)
  2 hydras
  2 catoblepae
  2 centaur warriors (D:15)
  The ghost of 4thArraOfDagon the Grappler, an experienced TrMo of Cheibriados (D:10)
  4 death yaks (Lair:8)
  A tengu warrior (D:15)
  5 anacondas
  A deep troll shaman (Lair:8)
  4 orc high priests (Orc:4)
  A shock serpent (Snake:1)
  7 naga sharpshooters
  A skeletal warrior (D:14)
  A lindwurm (Lair:8)
  3 unseen horrors
  An ice statue (IceCv)
  4 mana vipers
  A putrid demonspawn (Orc:4)
  6 hill giants
  A naga ritualist (Snake:2)
  A necromancer (IceCv)
  A torturous demonspawn (Orc:4)
  11 ugly things
  3 cyclopes
  A griffon (Lair:8)
  7 orc knights
  A deep elf conjurer (Orc:4)
  19 elephants
  7 orc sorcerers (Orc:4)
  2 salamanders
  2 manticores (D:15)
  3 naga magi (Snake:1)
  Maurice (D:8)
  2 centaur zombies
  Joseph (Lair:1)
  19 black mambas
  8 spiny frogs
  Psyche (D:12)
  A guardian serpent (Snake:1)
  A gargoyle (D:13)
  10 komodo dragons
  A tengu conjurer (D:15)
  11 freezing wraiths
  5 kobold demonologists
  2 hellwings (Orc:4)
  A two-headed ogre (shapeshifter) (D:13)
  2 polar bears
  3 giant leeches (Lair:4)
  2 queen bees
  7 trolls
  12 blink frogs
  2 two-headed ogres
  2 shadows
  2 trapdoor spiders
  2 basilisks
  A deep elf fighter (D:10)
  16 humans
  6 wyverns
  4 deep elf magi
  40 yaks
  4 vampire mosquitoes (D:13)
  A spriggan (Lair:2)
  2 fire elementals (Orc:4)
  A chaos spawn (Orc:4)
  11 wolves
  12 hippogriffs
  A swamp worm (Lair:4)
  2 steam dragons
  2 mottled dragons
  23 water moccasins
  A soldier ant (D:12)
  3 hell hounds (Orc:4)
  23 nagas
  8 porcupines
  44 orc warriors
  2 phantoms
  A necrophage (D:9)
  16 ice beasts
  2 black bears
  An eye of draining (D:15)
  An alligator simulacrum (IceCv)
  26 centaurs
  9 ogres
  3 boggarts (D:10)
  14 crocodiles
  4 sky beasts
  6 big kobolds
  16 giant frogs
  A wyvern skeleton (D:11)
  4 scorpions
  14 wights
  53 killer bees
  2 draconian simulacra (IceCv)
  9 crimson imps
  9 hounds
  9 jellies
  Crazy Yiuf (D:7)
  A giant frog zombie (D:12)
  34 orc priests
  2 quasits
  Ijyb (D:2)
  5 centaur skeletons
  Terence (D:2)
  34 orc wizards
  A polar bear simulacrum (IceCv)
  3 spriggan simulacra (IceCv)
  9 iguanas
  4 troll simulacra (IceCv)
  8 worker ants
  2 centaur simulacra
  2 wolf simulacra (IceCv)
  A killer bee zombie (D:9)
  39 sheep
  A hound zombie (D:10)
  2 hound skeletons (D:9)
  15 adders
  46 river rats
  4 gnolls (D:3)
  5 ogre simulacra (IceCv)
  5 naga simulacra (IceCv)
  A shadow imp (D:8)
  12 white imps (IceCv)
  An adder zombie (D:8)
  6 oozes
  2 adder skeletons
  A worm (D:3)
  211 orcs
  6 hobgoblins
  5 quokkas
  3 ball pythons
  16 bats
  5 giant cockroaches
  5 giant geckos
  A giant gecko skeleton (D:5)
  4 giant newts
  5 goblins
  8 jackals
  33 kobolds
  8 rats
  7 plants
1189 creatures vanquished.

Vanquished Creatures (collateral kills)
  A dire elephant (Lair:8)
  A hydra (Lair:2)
2 creatures vanquished.

Vanquished Creatures (others)
  A naga sharpshooter (Snake:2)
  A bush (Lair:8)
  28 fungi
  23 plants
53 creatures vanquished.

Grand Total: 1244 creatures vanquished

Notes
Turn   | Place    | Note
--------------------------------------------------------------
     0 | D:1      | Guts the Human Berserker began the quest for the Orb.
     0 | D:1      | Reached XP level 1. HP: 18/18 MP: 1/1
   285 | D:1      | Reached XP level 2. HP: 14/24 MP: 2/2
   674 | D:1      | Acquired Trog's second power
   821 | D:1      | Reached skill level 4 in Long Blades
   821 | D:1      | Reached XP level 3. HP: 27/29 MP: 3/3
   999 | D:2      | Noticed Terence
  1015 | D:2      | Killed Terence
  1015 | D:2      | Reached XP level 4. HP: 35/35 MP: 4/4
  1057 | D:2      | Reached skill level 5 in Long Blades
  1273 | D:2      | Noticed Ijyb
  1290 | D:2      | Killed Ijyb
  1290 | D:2      | Reached XP level 5. HP: 33/41 MP: 5/5
  1331 | D:3      | Found a sparkling altar of Nemelex Xobeh.
  1566 | D:3      | Reached skill level 6 in Long Blades
  1592 | D:3      | Reached skill level 1 in Throwing
  1592 | D:3      | Reached XP level 6. HP: 34/47 MP: 6/6
  2601 | D:4      | Reached XP level 7. HP: 40/52 MP: 7/7
  2698 | D:4      | Acquired Trog's third power
  3028 | D:4      | Reached skill level 7 in Long Blades
  3195 | D:5      | Entered Level 5 of the Dungeon
  3269 | D:5      | Found an opulent altar of Gozag.
  3425 | D:5      | Found a snail-covered altar of Cheibriados.
  3513 | D:5      | Found a staircase to the Ecumenical Temple.
  3686 | D:5      | Reached skill level 8 in Long Blades
  3686 | D:5      | Reached XP level 8. HP: 58/58 MP: 8/8
  3750 | D:6      | Got a turquoise-encrusted leather armour
  3761 | D:6      | Identified the +2 leather armour of Resilience {rC+ Str+4 Dex+11 Stlth-} (You found it on level 6 of the Dungeon)
  3841 | D:6      | Got a polished trident
  3842 | D:6      | Identified the +5 trident of Dividends {pierce, rC+} (You found it on level 6 of the Dungeon)
  4044 | D:6      | Found Neefruogh's Book Shop.
  4371 | D:7      | Received a gift from Trog
  4460 | D:7      | Reached skill level 9 in Long Blades
  4502 | D:7      | Reached skill level 5 in Throwing
  4547 | D:7      | Reached XP level 9. HP: 48/63 MP: 9/9
  4694 | D:7      | Reached skill level 10 in Long Blades
  4868 | D:7      | Noticed Crazy Yiuf
  4879 | D:7      | Killed Crazy Yiuf
  5003 | D:8      | Got a brightly glowing robe
  5014 | D:8      | Identified the cursed +0 robe of the Page of Swords {rPois rC+ MR- Int+4} (You found it on level 8 of the Dungeon)
  5055 | D:7      | Gained mutation: You are robust (+10% HP). [potion of beneficial mutation]
  5056 | D:7      | Gained mutation: You are partially covered in thin metallic scales (AC +2). [potion of beneficial mutation]
  5076 | D:8      | Noticed Gastronok
  5123 | D:8      | Killed Gastronok
  5123 | D:8      | Reached skill level 11 in Long Blades
  5123 | D:8      | Reached XP level 10. HP: 74/77 MP: 10/10
  5315 | D:8      | Noticed Maurice
  5386 | D:10     | Entered Level 10 of the Dungeon
  5579 | D:10     | Reached skill level 12 in Long Blades
  5745 | D:10     | Noticed 4thArraOfDagon's ghost (experienced TrMo)
  6041 | D:9      | Received a gift from Trog
  6506 | D:9      | Reached skill level 13 in Long Blades
  6589 | D:9      | Reached XP level 11. HP: 82/82 MP: 11/11
  6626 | D:9      | Found a roughly hewn altar of Beogh.
  6630 | D:9      | Found a staircase to the Orcish Mines.
  7041 | D:8      | Reached skill level 5 in Dodging
  7076 | D:8      | Received a gift from Trog
  7134 | D:8      | Killed Maurice
  7189 | D:8      | Found a sacrificial altar of Ru.
  7191 | D:8      | Found a shimmering altar of Xom.
  7192 | D:8      | Found a glowing silver altar of Zin.
  7193 | D:8      | Found a glowing golden altar of the Shining One.
  7193 | D:8      | Found a shattered altar of Ashenzari.
  7194 | D:8      | Found a blossoming altar of Fedhas.
  7399 | D:10     | Noticed a hill giant
  7410 | D:10     | Received a gift from Trog
  7446 | D:10     | Killed a hill giant
  7771 | D:10     | Received a gift from Trog
  7929 | D:10     | Reached skill level 14 in Long Blades
  8566 | D:11     | Noticed a hill giant
  8580 | D:11     | Killed a hill giant
  9296 | D:11     | Reached XP level 12. HP: 85/89 MP: 12/12
  9406 | D:11     | Received a gift from Trog
  9451 | D:11     | Reached skill level 15 in Long Blades
  9650 | D:11     | Found a corrupted altar of Lugonu.
  9882 | D:11     | Got a faintly glowing glass ring
  9883 | D:11     | Identified the ring of Attitude {rPois EV+3 Int+2 Dex+4 Stlth-} (You found it on level 11 of the Dungeon)
  9942 | D:12     | Noticed Psyche
  9957 | D:12     | Killed Psyche
 10975 | D:13     | Noticed a catoblepas
 11044 | D:12     | Reached skill level 16 in Long Blades
 11343 | D:13     | Killed a catoblepas
 11343 | D:13     | Reached XP level 13. HP: 94/94 MP: 13/13
 11844 | D:14     | Found a gate to the Vaults.
 11844 | D:14     | Noticed Donald
 11846 | D:14     | Noticed Frances
 11999 | D:10     | Found a staircase to the Lair.
 12054 | D:10     | Killed 4thArraOfDagon's ghost
 12081 | D:10     | Reached skill level 17 in Long Blades
 12351 | Lair:1   | Entered Level 1 of the Lair of Beasts
 12351 | Lair:1   | Noticed Joseph
 12363 | Lair:1   | Killed Joseph
 12515 | Lair:1   | Received a gift from Trog
 12617 | Lair:1   | Reached skill level 10 in Dodging
 12843 | Lair:1   | Found an iron altar of Okawaru.
 13251 | Lair:2   | Received a gift from Trog
 14231 | Lair:3   | Reached XP level 14. HP: 102/102 MP: 14/14
 14421 | Lair:4   | Reached skill level 18 in Long Blades
 14736 | Lair:4   | Received a gift from Trog
 14797 | Lair:4   | Found a staircase to the Swamp.
 15313 | Lair:5   | Received a gift from Trog
 15455 | Lair:5   | Found a staircase to the Snake Pit.
 15672 | Lair:5   | Found a frozen archway.
 15704 | IceCv    | Entered an ice cave
 15889 | IceCv    | Reached skill level 5 in Fighting
 16083 | IceCv    | Reached skill level 5 in Armour
 16423 | IceCv    | Found an ancient bone altar of Kikubaaqudgha.
 17058 | Lair:6   | Noticed Nessos
 17095 | Lair:6   | Killed Nessos
 17513 | Lair:7   | Reached XP level 15. HP: 115/115 MP: 15/15
 17704 | Lair:7   | Received a gift from Trog
 17789 | Lair:7   | Received a gift from Trog
 18052 | Lair:8   | Entered Level 8 of the Lair of Beasts
 18100 | Lair:8   | Found a staircase to the Slime Pits.
 18788 | Lair:8   | Received a gift from Trog
 19430 | Orc:1    | Entered Level 1 of the Orcish Mines
 19454 | Orc:1    | Found Vimmeic's Assorted Antiques.
 19504 | Orc:1    | Bought a scroll of identify for 44 gold pieces
 19504 | Orc:1    | Bought a shiny fluorescent wand for 88 gold pieces
 19504 | Orc:1    | Bought a scroll of identify for 44 gold pieces
 19504 | Orc:1    | Bought a potion of curing for 66 gold pieces
 19504 | Orc:1    | Bought a scroll labeled SESTRE NOLI for 22 gold pieces
 20115 | Orc:2    | Upgraded the game from 0.17-a0-1920-gafa4d75 to 0.17-a0-1923-gc35365e
 20320 | Orc:2    | Noticed Harold
 20336 | Orc:2    | Killed Harold
 20336 | Orc:2    | Received a gift from Trog
 20797 | Orc:2    | Received a gift from Trog
 20977 | Orc:3    | Received a gift from Trog
 21603 | Orc:4    | Entered Level 4 of the Orcish Mines
 21603 | Orc:4    | Found Roileat's Antique Armour Shop.
 21641 | Orc:4    | Noticed Azrael
 21655 | Orc:4    | Killed Azrael
 21665 | Orc:4    | Bought a pair of glowing gloves for 126 gold pieces
 21665 | Orc:4    | Bought a pair of glowing gloves for 126 gold pieces
 21926 | Orc:4    | Found Hucatoffuu's General Store.
 21966 | Orc:4    | Received a gift from Trog
 21981 | Orc:4    | Reached XP level 16. HP: 108/132 MP: 16/16
 22001 | Orc:4    | Found Pelify's Distillery.
 22144 | Orc:4    | Paralysed by an orc sorcerer for 7 turns
 22410 | Orc:4    | Paralysed by an orc sorcerer for 5 turns
 22535 | Orc:4    | Reached skill level 10 in Fighting
 22569 | Orc:4    | Found Bagud's Antique Armour Emporium.
 22569 | Orc:4    | Found Wopyimn's Gadget Shoppe.
 22570 | Orc:4    | Found a one-way gate leading to the halls of Pandemonium.
 22584 | Orc:4    | Bought a steaming cloak for 199 gold pieces
 22598 | Orc:4    | Identified the +0 cloak "Jaat Kig" {rC+} (You bought it in a shop on level 4 of the Orcish Mines)
 22611 | Orc:4    | Bought a spiked scale mail for 189 gold pieces
 22622 | Orc:4    | Identified the +2 scale mail of Xymozxon {Str+4 Stlth+} (You bought it in a shop on level 4 of the Orcish Mines)
 22675 | Orc:4    | Bought a potion of curing for 39 gold pieces
 22675 | Orc:4    | Bought a potion of heal wounds for 65 gold pieces
 22675 | Orc:4    | Bought a potion of heal wounds for 65 gold pieces
 22675 | Orc:4    | Bought a potion of heal wounds for 65 gold pieces
 22675 | Orc:4    | Bought a potion of curing for 39 gold pieces
 22675 | Orc:4    | Bought a potion of curing for 39 gold pieces
 22675 | Orc:4    | Bought a potion of haste for 130 gold pieces
 22712 | Orc:4    | Reached skill level 10 in Armour
 22760 | Orc:4    | Bought a bloodstained chain mail for 266 gold pieces
 22770 | Orc:4    | Identified the +1 chain mail of Ded Archy {+Inv} (You bought it in a shop on level 4 of the Orcish Mines)
 22982 | Orc:4    | Found a staircase to the Elven Halls.
 23061 | Orc:4    | Upgraded the game from 0.17-a0-1923-gc35365e to 0.17-a0-1939-ga475588
 23142 | D:9      | Received a gift from Trog
 23387 | D:14     | Killed Frances
 23585 | D:14     | Killed Donald
 23993 | D:14     | Got a sparkling platinum amulet
 24020 | D:14     | Identified the amulet of Xom's Passing Interest {Clar Int+2} (You found it on level 14 of the Dungeon)
 24140 | D:15     | Entered Level 15 of the Dungeon
 24184 | D:15     | Found a stormy altar of Qazlal.
 24395 | D:15     | Received a gift from Trog
 24475 | D:15     | Found Teos's Distillery.
 24525 | D:15     | Bought a potion of heal wounds for 75 gold pieces
 24525 | D:15     | Bought a potion of heal wounds for 75 gold pieces
 24535 | D:15     | Reached skill level 1 in Evocations
 24625 | D:15     | Gained mutation: You can translocate small distances at will. [potion of beneficial mutation]
 24933 | D:15     | Found a staircase to the Depths.
 25181 | D:15     | Upgraded the game from 0.17-a0-1939-ga475588 to 0.17-a0-1946-gfb768fe
 25312 | D:12     | Reached XP level 17. HP: 146/146 MP: 19/19
 25506 | Snake:1  | Entered Level 1 of the Snake Pit
 25577 | Snake:1  | Received a gift from Trog
 25670 | Snake:1  | Got a heavily runed leather armour
 25682 | Snake:1  | Identified the +3 leather armour of Okawaru's Favour {rPois} (You found it on level 1 of the Snake Pit)
 25714 | Snake:1  | Found Lolug's Gadget Boutique.
 25976 | Snake:1  | Reached skill level 10 in Throwing
 26588 | Snake:2  | Reached skill level 5 in Evocations
 26810 | Snake:2  | Received a gift from Trog
 26932 | Snake:2  | Noticed Vashnia
 26955 | Snake:2  | HP: 1/148 [Vashnia/arrow of dispersal (36)]
 26955 | Snake:2  | Shot with an arrow of dispersal by Vashnia

Vault maps used:
D:1:      scummos_arrival_simple_crosswalls, minmay_misc_feat_doors
D:2:      forest_paths, first_bread, grunt_ministairs_6, minmay_door_square,
          uniq_iyjb, uniq_terence
D:3:      nemelex_xobeh_ov_fountains_minmay
D:5:      nicolae_gozag_cash_rules_everything_around_me,
          minmay_temple_entry_metal_lava, basic_altar
D:6:      serial_shops, shop
D:7:      uniq_crazy_yiuf_cottage
D:8:      grunt_temple_overflow_open, uniq_maurice, uniq_gastronok
D:9:      david_orc_5
D:10:     grunt_lair_entry_elf_guard_hut
D:11:     kennysheep_kobold_lugonu_temple
D:12:     uniq_psyche
D:13:     serial_glass, glass_columns_b, glass_columns_a, special_room
D:14:     david_vaults_3, david_nohive_1, uniq_frances
D:15:     grunt_enter_depths_hoard, special_room, grunt_decor_clamped,
          serial_shops, nicolae_shop_behind_doors,
          nicolae_qazlal_general_emergency
Lair:1:   st_stairs_4, lemuel_centaur_altar, uniq_joseph
Lair:2:   wad_woods_03
Lair:3:   lemuel_fruit_tree, grunt_megastairs_3
Lair:4:   minmay_swamp_entry_worms, grunt_megastairs_2,
          infiniplex_staircase_pool_2
Lair:5:   guppyfry_snake_entry_garden, portal_ice_cave_entry_ice_beasts,
          st_stairs_4, cheibrodos_lair_caveside_slide
Lair:6:   beast_lair_carwin_1, uniq_nessos
Lair:8:   grunt_lair_end_beastmaster, nicolae_slime_entry_slimehenge
Snake:1:  serial_shops, shop
Snake:2:  uniq_vashnia
Orc:1:    nicolae_orc_accident_3, serial_shops, nicolae_shop_overgrown_old_shop
Orc:2:    guppyfry_library_mini, uniq_harold
Orc:3:    nicolae_orc_pool_cavern
Orc:4:    pf_orc_diabolical, serial_shops, shop, uniq_azrael
IceCv:    ice_cave_small_necro

Action                   |  1- 3 |  4- 6 |  7- 9 | 10-12 | 13-15 | 16-18 || total
-------------------------+-------+-------+-------+-------+-------+-------++-------
Melee: Falchion          |    23 |     7 |       |   265 |       |       ||   295
       Dagger            |    53 |   206 |   208 |   438 |       |       ||   905
       Great sword       |       |       |       |    91 |  1652 |   857 ||  2600
       Triple sword      |       |       |       |       |     9 |       ||     9
 Fire: Blowgun           |       |    37 |    41 |   173 |    17 |       ||   268
Throw: Tomahawk          |       |     5 |       |    35 |   161 |    24 ||   225
       Javelin           |       |       |       |    20 |    30 |    24 ||    74
Invok: Berserk           |     1 |       |     1 |     3 |     2 |       ||     7
       Burn Spellbooks   |       |     1 |     1 |     1 |     6 |       ||     9
       Trog's Hand       |       |       |     1 |     5 |     3 |     6 ||    15
       Brothers in Arms  |       |       |       |       |     2 |     1 ||     3
Evoke: Wand              |       |       |     7 |    13 |     4 |       ||    24
  Use: Potion            |     1 |       |     2 |       |       |     1 ||     4
       Scroll            |       |       |    12 |     8 |    11 |     4 ||    35
 Stab: Distracted        |       |       |       |     1 |       |       ||     1
  Eat: Chunk             |       |     7 |     4 |    19 |    20 |     6 ||    56
       Fruit             |       |       |     4 |       |     9 |       ||    13
       Beef jerky        |       |       |     1 |     3 |     2 |       ||     6
       Pizza             |       |       |       |     1 |       |     1 ||     2
       Royal jelly       |       |       |       |       |     1 |     4 ||     5
       Bread ration      |       |       |       |       |     1 |     1 ||     2
